 Dungeon Crawl Stone Soup version 0.17-a0-802-g1f09329 (webtiles) character file.

212 RobertPalmer the Cutter (level 6, -8/35 HPs)
             Began as a Kobold Hunter on Apr 27, 2015.
             Mangled by an ogre
             ... wielding a +0 giant club
              (27 damage)
             ... on level 4 of the Dungeon.
             The game lasted 00:06:06 (3893 turns).

RobertPalmer the Cutter (Kobold Hunter)             Turns: 3893, Time: 00:06:06

Health: -8/35      AC:  6    Str: 11    XL:     6   Next: 14%
Magic:  6/6        EV: 15    Int: 11    God:
Gold:   135        SH:  0    Dex: 16    Spells: 0 memorised, 5 levels left

rFire  . . .     SeeInvis .     a - +0 rapier
rCold  + . .     Clarity  .     l - +2 robe {rC+}
rNeg   . . .     SustAb   .     (shield restricted)
rPois  .         Gourm    .     (no helmet)
rElec  .         Spirit   .     (no cloak)
rCorr  .         Warding  .     p - +1 pair of gloves
rMut   .         Stasis   .     (no boots)
MR     .....                    (no amulet)
Stlth  ++........               (no ring)
                                (no ring)

@: not resistant to hostile enchantments, unstealthy
A: talons 1, carnivore 3
a: no special abilities


You were on level 4 of the Dungeon.
You were not hungry.

You visited 1 branch of the dungeon, and saw 4 of its levels.

You collected 135 gold pieces.

Inventory:

Hand weapons
 a - a +0 rapier (weapon)
   (You found it on level 2 of the Dungeon)
 b - a +1 hand crossbow
Missiles
 c - 15 bolts
Armour
 l - a +2 robe of cold resistance (worn)
   (You took it off Jessica on level 3 of the Dungeon)
 p - a +1 pair of gloves (worn)
   (You found it on level 2 of the Dungeon)
Scrolls
 f - 3 scrolls of identify
 h - 3 scrolls of teleportation
 j - 2 scrolls of remove curse
 n - a scroll of recharging
Potions
 g - a potion of mutation {!q}
 m - a potion of curing {unknown}
 o - a potion of resistance {unknown}
 r - a potion of heal wounds
Comestibles
 e - a meat ration {@e2}


   Skills:
 - Level 2.1 Fighting
 + Level 7.2 Short Blades
 - Level 4.8 Crossbows
 - Level 2.4 Dodging
 - Level 1.3 Stealth


You had 5 spell levels left.
You didn't know any spells.

Dungeon Overview and Level Annotations

Branches:
Dungeon (4/15)
 Temple: D:4-7

Altars:
Elyvilon


Innate Abilities, Weirdness & Mutations

You are small and have problems with some larger weapons.
You are carnivorous and can eat meat at any time.
You have sharp toenails.


Message History

Health restored: 30 You fall through a shaft!
The shaft crumbles and collapses.
Found a white marble altar of Elyvilon.
Found a runed robe.
A hobgoblin comes into view. It is wielding a club.
The hobgoblin shouts!
You see here a runed robe.
A worker ant comes into view.
The worker ant twitches its antennae in your direction.
You puncture the hobgoblin!
You kill the hobgoblin!
A worm comes into view.
Things that are here:
a club; a hobgoblin corpse The worm moves out of view.
Things that are here:
a club; a hobgoblin corpse The worker ant closely misses you.
You hit the worker ant. The worker ant closely misses you.
You hit the worker ant but do no damage.
Your kick misses the worker ant. The worker ant completely misses you.
You hit the worker ant. Your kick misses the worker ant.
The worker ant closely misses you.
You hit the worker ant. The worker ant barely misses you.
You closely miss the worker ant.
You claw the worker ant, but do no damage.
The worker ant bites you!
You take 7 damage, and have 23/30 hp.
MASSIVE DAMAGE!!
You hit the worker ant but do no damage.
You claw the worker ant, but do no damage.
The worker ant barely misses you.
You hit the worker ant. Your kick misses the worker ant.
The worker ant closely misses you.
You hit the worker ant.
You kill the worker ant!
Your Short Blades skill increases to level 7!
You have reached level 6!
Your experience leads to an increase in your attributes!
Increase (S)trength, (I)ntelligence, or (D)exterity?
You feel clever.
You regained 3 hp, and now have 26/35 hp.
MP restored: 6 You see here a dagger.
You see here a bread ration {@e1}.
Found a stone staircase leading down.
You see here a dagger.
h - 4 scrolls labeled LEPPAK DUTH (gained 1)
j - 3 scrolls labeled LAPRIN ROFI (gained 1)
You now have 124 gold pieces (gained 5).
Read which item? (? for menu, Esc to quit)
As you read the scroll labeled LAPRIN ROFI, it crumbles to dust.
You feel blessed for a moment.
It was a scroll of remove curse.
Read which item? (? for menu, Esc to quit)
As you read the scroll labeled HUAL IRYUTTARIO, it crumbles to dust.
It is a scroll of recharging.
You aren't carrying any rechargeable items.
Read which item? (? for menu, Esc to quit)
As you read the scroll labeled LEPPAK DUTH, it crumbles to dust.
You feel strangely unstable.
It was a scroll of teleportation.
Read which item? (? for menu, Esc to quit)
As you read the scroll labeled APNIPS TEPNAY, it crumbles to dust.
The air around you briefly surges with heat, but it dissipates.
It was a scroll of immolation.
Read which item? (? for menu, Esc to quit)
As you read the scroll labeled LIENOO NYFE, it crumbles to dust.
The scroll dissolves into smoke.
It was a scroll of fog.
Read which item? (? for menu, Esc to quit)
As you read the scroll labeled ZALOAX XI ULU, it crumbles to dust.
It is a scroll of enchant armour.
Enchant which item? (? for menu, Esc to quit)
Your +0 pair of gloves glows green for a moment.
Your surroundings suddenly seem different.
Found a stone staircase leading up.
You now have 135 gold pieces (gained 11).
An ogre comes into view. It is wielding a giant club.
The ogre shouts!
There is a stone staircase leading up here.
An ogre is nearby!
An ogre is nearby!
b - a +1 hand crossbow (weapon)
Aim: an ogre, wielding a giant club You shoot a bolt.
The bolt hits the ogre!
Aim: an ogre, wielding a giant club (moderately wounded)
You shoot a bolt. The bolt hits the ogre!
Aim: an ogre, wielding a giant club (severely wounded)
You shoot a bolt.
The bolt hits the ogre but does no damage.
Aim: an ogre, wielding a giant club (severely wounded)
You shoot a bolt. The bolt barely misses the ogre.
The ogre hits you with a giant club!
You take 14 damage, and have 18/35 hp.
MASSIVE DAMAGE!!
a - a +0 rapier (weapon)
You puncture the ogre! You claw the ogre, but do no damage.
The ogre hits you with a giant club!!
Ouch! That really hurt!
You die...

# .. ###########.#
#.........#(#
#.#######.#(# #.#
##.#(## #
#.######..(..#.#
#.##.....#O#...#.##
#.##.###..@...$....
#..................
####.##.########.#
#.##... #........
#.........#
###.#..... .###....
# #..


You could see an ogre.

Vanquished Creatures
  Jessica (D:3)
  Terence (D:3)
  A worker ant (D:4)
  5 adders
  A gnoll (D:2)
  A worm (D:2)
  A giant gecko (D:1)
  13 hobgoblins
  6 jackals (D:2)
  12 kobolds
  A quokka (D:2)
  A ball python (D:1)
  6 bats
  4 giant cockroaches
  3 giant newts
  6 goblins
  15 rats
78 creatures vanquished.

Notes
Turn   | Place    | Note
--------------------------------------------------------------
     0 | D:1      | RobertPalmer, the Kobold Hunter, began the quest for the Orb.
     0 | D:1      | Reached XP level 1. HP: 12/12 MP: 1/1
    20 | D:1      | Reached skill level 1 in Short Blades
   103 | D:1      | HP: 1/12 [hobgoblin (4)]
   104 | D:1      | Reached skill level 2 in Short Blades
   104 | D:1      | Reached XP level 2. HP: 1/17 MP: 2/2
   786 | D:1      | Reached skill level 3 in Short Blades
   819 | D:1      | Reached XP level 3. HP: 12/21 MP: 3/3
  1488 | D:2      | Reached skill level 4 in Short Blades
  1557 | D:2      | Reached XP level 4. HP: 26/26 MP: 4/4
  1814 | D:2      | Reached skill level 5 in Short Blades
  2225 | D:2      | Reached XP level 5. HP: 21/30 MP: 5/5
  2489 | D:3      | Noticed Terence
  2538 | D:3      | HP: 6/30 [Terence/mace (9)]
  2544 | D:3      | HP: 5/30 [Terence/mace (2)]
  2552 | D:3      | Killed Terence
  2552 | D:3      | Reached skill level 6 in Short Blades
  2910 | D:3      | Noticed Jessica
  2929 | D:3      | HP: 7/30 [Jessica (3)]
  2930 | D:3      | Killed Jessica
  3164 | D:3      | Gained mutation: You have sharp toenails. [potion of beneficial mutation]
  3200 | D:3      | HP: 7/30 [poisoned by an adder]
  3208 | D:2      | HP: 5/30 [poisoned by an adder]
  3215 | D:2      | HP: 4/30 [poisoned by an adder]
  3768 | D:3      | You fall through a shaft!
  3789 | D:4      | Found a white marble altar of Elyvilon.
  3832 | D:4      | Reached skill level 7 in Short Blades
  3832 | D:4      | Reached XP level 6. HP: 26/35 MP: 6/6
  3886 | D:4      | Noticed an ogre
  3893 | D:4      | Mangled by an ogre

Action                   |  1- 3 |  4- 6 || total
-------------------------+-------+-------++-------
Melee: Short sword       |   149 |    46 ||   195
       Rapier            |       |   159 ||   159
 Fire: Hand crossbow     |     2 |     4 ||     6
  Use: Scroll            |     1 |     9 ||    10
       Potion            |       |     2 ||     2
 Stab: Sleeping          |     3 |       ||     3
  Eat: Chunk             |     8 |     4 ||    12

Vault maps used:
D:1:      dpeg_arrival_court, serial_park_tiny_pond, hex_intersection
D:2:      kennysheep_six_static_rooms, first_bread
D:3:      forest_paths, uniq_jessica, uniq_terence, uniq_iyjb
D:4:      lemuel_doored_altar, elyvilon_altar_4

Table legend:
 A = Turns spent in this place as a percentage of turns spent in the entire game.
 B = Non-inter-level travel turns spent in this place as a percentage of non-inter-level travel turns spent in the entire game.
 C = Inter-level travel turns spent in this place as a percentage of turns spent in this place.
 D = Turns resting spent in this place as a percentage of non-inter-level travel turns spent in this place.
 E = Turns spent auto-exploring this place as a percentage of non-inter-level travel turns spent in this place.
 F = Non-inter-level travel turns spent in this place divided by the number of levels of this place that you've seen.
                   A       B       C       D       E      F
               +-------+-------+-------+-------+-------+----------------------
         Total | 100.0 | 100.0 |   0.6 |   2.8 |   7.8 | 263.5
       Dungeon | 100.0 | 100.0 |   0.6 |   2.8 |   7.8 | 263.5
               +-------+-------+-------+-------+-------+----------------------

Table legend:
 A = Kills in this place as a percentage of kills in entire the game.
 B = Kills by you in this place as a percentage of kills by you in the entire game.
 C = Kills by friends in this place as a percentage of kills by friends in the entire game.
 D = Other kills in this place as a percentage of other kills in the entire game.
 E = Experience gained in this place as a percentage of experience gained in the entire game.
 F = Experience gained in this place divided by the number of levels of this place that you have seen.
                   A       B       C       D       E      F
               +-------+-------+-------+-------+-------+----------------------
         Total | 100.0 | 100.0 |  -nan |  -nan | 100.0 |  76.0
       Dungeon | 100.0 | 100.0 |  -nan |  -nan | 100.0 |  76.0
               +-------+-------+-------+-------+-------+----------------------
